 Dungeon Crawl Stone Soup version 0.26-a0-852-g6321bf7485 (webtiles) character file.

Game seed: 3737804687162736668

1519 leviel the Shield-Bearer (level 8, 0/50 HPs)
             Began as a Gargoyle Fighter on Nov 21, 2020.
             Was a Follower of the Shining One.
             Slain by an ufetubus (2 damage)
             ... on level 6 of the Dungeon.
             The game lasted 00:07:25 (5325 turns).

leviel the Shield-Bearer (Gargoyle Fighter)         Turns: 5325, Time: 00:07:25

Health: 0/50       AC:  3    Str: 19    XL:     8   Next: 84%
Magic:  7/7        EV:  8    Int: 10    God:    the Shining One [*.....]
Gold:   216        SH: 10    Dex: 11    Spells: 7/7 levels left

rFire    . . .     SeeInvis .   d - +2 flail (holy)
rCold    . . .     Faith    .   c - +0 kite shield
rNeg     + . .     Spirit   .   n - +0 plate armour
rPois    ∞         Reflect  .   (no helmet)
rElec    +         Harm     .   (no cloak)
rCorr    .         Rampage  .   (no gloves)
MR       .....                  (no boots)
Stlth    ..........             (no amulet)
HPRegen  0.16/turn              l - +4 ring of evasion
MPRegen  0.10/turn              (no ring)

@: corroded, berserk cooldown, slowed, glowing, very slow
A: rugged brown scales 1, low mp 1, mutation resistance 1, negative energy
resistance 1, electricity resistance, unbreathing, petrification resistance, rot
immunity, AC +5
a: Renounce Religion


You were on level 6 of the Dungeon.
You worshipped the Shining One.
The Shining One was aware of your devotion.
You visited 1 branch of the dungeon, and saw 6 of its levels.

You collected 216 gold pieces.

Inventory:

Hand Weapons
 a - a +0 long sword
 d - a +2 flail of holy wrath (weapon)
Armour
 c - a +0 kite shield (worn)
 n - a +0 plate armour (worn)
Jewellery
 f - an uncursed ring of positive energy
 l - a +4 ring of evasion (left hand)
 p - an uncursed ring of protection from magic {unknown}
Wands
 r - a wand of disintegration (15)
Scrolls
 b - 3 scrolls of fear
 e - 3 scrolls of enchant weapon {unknown}
 g - 6 scrolls of identify
 i - 2 scrolls of magic mapping
 o - a scroll of blinking {unknown}
 q - a scroll of teleportation
Potions
 j - 3 potions of brilliance
 m - a potion of haste {unknown}


   Skills:
 + Level 5.0 Fighting
 + Level 5.6 Long Blades
 + Level 4.7 Maces & Flails
 + Level 5.4 Armour
 + Level 1.8 Dodging
 + Level 5.9 Shields


You had 7 spell levels left.
You didn't know any spells.
Your spell library was empty.

Dungeon Overview and Level Annotations

Branches:
Dungeon (6/15)
 Temple: D:4-7

Altars:
Hepliaklqana
Trog
Yredelemnul
The Shining One


Innate Abilities, Weirdness & Mutations

You are resistant to torment.
Your stone body is resilient. (AC +5)
You are immune to poison.
You resist negative energy. (rN+)
You are resistant to electric shocks. (rElec)
You can survive without breathing.
You are immune to petrification.
You are immune to rotting.
You are partially covered in rugged brown scales. (AC +1, +3% HP)
Your magical capacity is low. (-10% MP)
You are somewhat resistant to further mutation.


Message History

You are splashed with acid!
The Shining One protects you from harm!
You sock the jelly!
You kill the jelly!
You sock the quokka!
You kill the quokka!
You feel a strong urge to attack something.
You feel your anger nearly subside.
You are no longer berserk.
You are exhausted.
You feel yourself slow down. The jackal bites you.
* * * LOW HITPOINT WARNING * * *
You block the jackal's attack. You block the jackal's attack.
The ufetubus hits you.
* * * LOW HITPOINT WARNING * * *
The ufetubus hits you.
* * * LOW HITPOINT WARNING * * *
You block the ufetubus's attack. The ufetubus closely misses you.
You block the ufetubus's attack. The ufetubus hits you.
You die...

#.#....# #. ##.#5O..#
#. #..##/..# #.##
#...####..
###..####.#....#...
#...........O#.# ...
#..............## ..
#..............5###.#
...........####h@...#
...........# #......#
...........# #......#
...###..#### #......#
...# ##.## #......#
#### #..# #.######
##)# #.# ######)###
#.# #........#


You could see an ogre, an ufetubus and a jackal.

Vanquished Creatures
  Grinder (D:3)
  Edmund (D:4)
  An ice beast (D:5)
  An orc warrior (D:6)
  2 ogres
  2 centaurs (D:5)
  A scorpion (D:5)
  A howler monkey (D:5)
  2 bullfrog zombies
  A quasit (D:6)
  2 jellies (D:6)
  An orc priest (D:6)
  An iguana (D:4)
  Natasha (thrice) (D:3)
  3 orc wizards
  A hound skeleton (D:5)
  7 adders
  2 oozes
  An adder zombie (D:5)
  2 worms
  3 dart slugs
  6 leopard geckos
  28 orcs
  6 giant cockroaches
  4 goblins
  9 hobgoblins
  8 jackals
  5 quokkas
  A ball python (D:3)
  6 bats
  3 frilled lizards
  A jackal zombie (D:3)
  3 kobolds
  A leopard gecko skeleton (D:5)
  8 rats
128 creatures vanquished.

Vanquished Creatures (others)
  A wizard (D:3)
1 creature vanquished.

Grand Total: 129 creatures vanquished

Notes
Turn   | Place    | Note
-------+----------+-------------------------------------------
     0 | D:1      | leviel the Gargoyle Fighter began the quest for the Orb.
     0 | D:1      | Reached XP level 1. HP: 14/14 MP: 1/1
   184 | D:1      | Reached XP level 2. HP: 19/19 MP: 2/2
   573 | D:1      | Gained mutation: You are dopey. (Int -2) [potion of
                  | mutation]
   573 | D:1      | Gained mutation: You are partially covered in iridescent
                  | scales. (AC +2) [potion of mutation]
   574 | D:1      | Lost mutation: You are dopey. (Int -2) [potion of mutation]
   574 | D:1      | Lost mutation: You are partially covered in iridescent
                  | scales. (AC +2) [potion of mutation]
   574 | D:1      | Gained mutation: Your magical capacity is low. (-10% MP)
                  | [potion of mutation]
   574 | D:1      | Gained mutation: You are partially covered in rugged brown
                  | scales. (AC +1, +3% HP) [potion of mutation]
   574 | D:1      | Gained mutation: You are somewhat resistant to further
                  | mutation. [potion of mutation]
   877 | D:2      | Found a glowing golden altar of the Shining One.
   943 | D:2      | Reached XP level 3. HP: 23/23 MP: 2/2
   949 | D:2      | Became a worshipper of the Shining One
  1240 | D:2      | Reached XP level 4. HP: 28/28 MP: 3/3
  2127 | D:3      | Noticed Natasha
  2133 | D:3      | Killed Natasha
  2134 | D:3      | Reached XP level 5. HP: 24/33 MP: 4/4
  2168 | D:3      | Noticed Natasha
  2183 | D:3      | Killed Natasha
  2572 | D:3      | Reached skill level 1 in Dodging
  2589 | D:3      | Found a bloodstained altar of Trog.
  2590 | D:3      | Noticed a wizard
  2596 | D:3      | Killed a wizard
  2774 | D:3      | Reached XP level 6. HP: 39/39 MP: 5/5
  2871 | D:3      | Noticed Grinder
  2875 | D:3      | Paralysed by Grinder for 3 turns
  2899 | D:3      | Paralysed by Grinder for 2 turns
  2904 | D:3      | Killed Grinder
  2905 | D:3      | Reached XP level 7. HP: 26/44 MP: 6/6
  2941 | D:3      | Noticed Natasha
  2941 | D:3      | Reached * piety under the Shining One
  2947 | D:3      | Killed Natasha
  3258 | D:3      | Found a hazy altar of Hepliaklqana.
  3384 | D:4      | Noticed Edmund
  3393 | D:4      | Reached skill level 5 in Shields
  3396 | D:4      | Killed Edmund
  3397 | D:4      | Reached skill level 5 in Long Blades
  4059 | D:5      | Entered Level 5 of the Dungeon
  4143 | D:5      | Found a basalt altar of Yredelemnul.
  4309 | D:5      | Reached skill level 1 in Maces & Flails
  4309 | D:5      | Reached XP level 8. HP: 48/49 MP: 7/7
  4421 | D:5      | Reached skill level 5 in Armour
  5134 | D:6      | Reached skill level 5 in Fighting
  5315 | D:6      | The Shining One protects you from harm!
  5324 | D:6      | HP: 1/50 [ufetubus (2)]
  5325 | D:6      | Slain by an ufetubus

Illustrated notes

Levels and vault maps discovered:
D:1:      elethiomel_arrival_infinity_welcomes_careful_drivers, layout_basic,
          serial_rivers, chequers_serial_rivers_room_a,
          chequers_serial_rivers_small_b, chequers_serial_rivers_micro_c,
          chequers_serial_rivers_large_b, minmay_curled_crystal, fountainhead
D:2:      layout_basic, tso_metal_star, minmay_strange_pillars
D:3:      layout_loops_ring, lemuel_coloured_pillars_altar, trog_wizard,
          uniq_grinder, uniq_natasha
D:4:      layout_basic, uniq_edmund
D:5:      layout_loops_corners, general_overflow_altar, minmay_misc_feat_tower
D:6:      layout_basic, minmay_bent

Skill      XL: |  1  2  3  4  5  6  7  8 |
---------------+-------------------------+-----
Long Blades    | 2 3 4 5 |  5.6
Shields        | 4 5 |  5.9
Armour         | 4 5 |  5.4
Dodging        | 1 |  1.8
Fighting       | 4 5 |  5.0
Maces & Flails | 1 4 |  4.7

Action                   |  1- 3 |  4- 6 |  7- 9 || total
-------------------------+-------+-------+-------++-------
Melee: Long sword        |    92 |   179 |    46 ||   317
       Flail             |       |       |   119 ||   119
  Use: Potion            |     2 |     2 |     5 ||     9
       Scroll            |     5 |       |     4 ||     9
Armor: Scale mail        |    85 |   107 |    27 ||   219
       Plate armour      |       |       |    93 ||    93
Dodge: Dodged            |    55 |    48 |    45 ||   148
Block: Kite shield       |    81 |    92 |    88 ||   261
       Rpst.: Long sword |    17 |     9 |     2 ||    28

Table legend: (Time is in decaauts)
 A = Elapsed time spent in this place.
 B = Non-inter-level travel time spent in this place.
 C = Inter-level travel time spent in this place.
 D = Time resting spent in this place.
 E = Time spent auto-exploring this place.
 F = Levels seen in this place.
 G = Mean time per level.
                   A        B        C        D        E       F      G
               +--------+--------+--------+--------+--------+-----+--------+
         Total |   5487 |   5368 |    119 |    710 |   3669 |   6 |  914.5 |
       Dungeon |   5487 |   5368 |    119 |    710 |   3669 |   6 |  914.5 |
               +--------+--------+--------+--------+--------+-----+--------+

Top non-repeatable levels by time:
     D:3: 1715 daAuts
     D:5: 1027 daAuts
     D:1: 898 daAuts
     D:2: 855 daAuts
     D:4: 713 daAuts
     D:6: 277 daAuts
